Map: Jagannatha LE

Players

Serral - Winner!

  • Race: Zerg Zerg

ShoWTimE

  • Race: Protoss Protoss

Event: DreamHack SC2 Masters 2021 Winter

VOD

Have the link to the VOD?

Description

Time

  • Played on: Oct. 10, 2021, 11:45 a.m.
  • Length: 11:02

All games in this series

Show
View Real Time Build Order
Export as new Build Order

Serral Zerg - Winner!

Build Orders: Hatch First 

Get SALT Encoding   

  12  0:00  Drone  
  13  0:11  Overlord  
  13  0:16  Drone  
  14  0:30  Drone x2  
  16  0:48  Hatchery  
  15  0:52  Drone  
  15  0:55  Drone  
  17  0:58  Drone  
  18  1:09  Extractor  
  17  1:14  Spawning Pool  
  17  1:17  Drone  
  17  1:20  Drone  
  18  1:27  Drone  
  19  1:38  Drone  
  20  1:48  Overlord  
  20  2:00  Queen x2  
  20  2:01  Zergling x4  
  26  2:10  Drone  
  26  2:11  Drone, Metabolic Boost  
  28  2:22  Drone x2  
  30  2:36  Queen  
  32  2:42  Hatchery  
  31  2:44  Drone  
  31  2:46  Drone  
  31  2:50  Overlord  
  33  2:53  Drone  
  33  2:55  Drone  
  33  2:57  Drone  
  36  3:04  Overlord  
  36  3:10  Drone x4  
  39  3:13  Drone x2  
  39  3:15  Drone  
  39  3:18  Drone  
  43  3:23  Queen  
  45  3:30  Spore Crawler  
  45  3:31  Queen  
  46  3:34  Overlord  
  46  3:36  Drone  
  47  3:44  Zergling x8  
  51  3:56  Overlord  
  51  3:57  Queen  
  51  3:58  Drone x4  
  57  4:03  Drone x2  
  57  4:04  Spore Crawler  
  57  4:05  Drone  
  57  4:07  Drone  
  57  4:09  Drone  
  61  4:13  Zergling x2  
  61  4:14  Overlord  
  61  4:15  Drone  
  63  4:18  Drone x2  
  63  4:23  Spore Crawler  
  63  4:26  Zergling x4  
  63  4:28  Drone x3  
  67  4:33  Zergling x2, Overlord  
  68  4:38  Overlord  
  68  4:43  Drone x4  
  68  4:44  Spore Crawler  
  71  4:47  Lair  
  71  4:49  Drone x2  
  73  4:53  Zergling x2  
  73  4:55  Drone x3  
  73  4:58  Extractor  
  76  5:00  Extractor  
  76  5:05  Roach Warren  
  76  5:06  Drone x4  
  78  5:10  Drone x3  
  81  5:15  Drone x2, Extractor x3  
  81  5:17  Overlord  
  81  5:20  Zergling x2  
  81  5:21  Zergling x2  
  82  5:25  Hatchery  
  82  5:26  Drone  
  82  5:29  Drone x4  
  82  5:32  Drone x2  
  88  5:39  Drone  
  88  5:41  Evolution Chamber  
  88  5:42  Drone, Overlord  
  89  5:45  Drone  
  89  5:49  Overseer  
  90  5:51  Glial Reconstitution  
  90  5:53  Drone x2, Spire  
  90  5:57  Overlord  
  91  5:59  Overlord  
  91  6:02  Zergling x10  
  96  6:07  Zergling x6  
  96  6:10  Infestation Pit  
  98  6:14  Overlord  
  98  6:16  Zerg Melee Weapons Level 1  
  98  6:37  Roach x5  
  108  6:41  Drone x4  
  108  6:42  Drone x2  
  108  6:43  Zergling x12  
  108  6:46  Overlord  
  120  6:50  Overlord  
  120  6:52  Zergling x2  
  121  6:55  Overlord  
  121  6:58  Ravager x5  
  121  7:00  Zergling x4  
  127  7:08  Extractor  
  127  7:09  Extractor  
  127  7:10  Overlord  
  125  7:16  Queen  
  125  7:19  Drone  
  128  7:24  Mutalisk x9  
  128  7:27  Zerg Flyer Weapons Level 1  
  146  7:32  Mutalisk  
  146  7:35  Zergling x10  
  153  7:41  Mutalisk x2  
  157  7:51  Overlord  
  157  7:52  Overlord x6  
  157  7:59  Hatchery  
  157  8:00  Baneling Nest  
  157  8:03  Mutalisk  
  157  8:04  Mutalisk  
  159  8:10  Mutalisk  
  159  8:11  Mutalisk x2  
  159  8:12  Drone x7  
  172  8:15  Mutalisk  
  172  8:19  Mutalisk  
  176  8:32  Mutalisk x3  
  178  8:38  Mutalisk  
  176  8:44  Mutalisk x2  
  180  8:51  Zergling x6  
  180  8:53  Centrifugal Hooks  
  180  8:54  Extractor  
  182  8:56  Drone x3  
  182  8:59  Drone x3, Spore Crawler, Extractor  
  182  9:01  Mutalisk x2  
  190  9:10  Mutalisk x2  
  190  9:12  Zergling x2  
  190  9:13  Zergling x10  
  198  9:29  Mutalisk x4  
  197  9:39  Mutalisk  
  197  9:43  Baneling x13  
  199  9:55  Baneling x5  
  199  10:01  Spine Crawler  
  199  10:02  Spine Crawler x3  
  199  10:03  Spine Crawler x2  
  182  10:21  Roach x12  
  192  10:29  Roach x3  
  192  10:36  Baneling  
  192  10:42  Roach x9  
  199  10:43  Overseer, Roach  
Show
View Real Time Build Order
Export as new Build Order

ShoWTimE Protoss 

Build Orders: 1 Gate Expand, Oracle Opening 

Get SALT Encoding   

  12  0:00  Probe  
  13  0:12  Probe  
  14  0:23  Pylon  
  14  0:24  Probe  
  15  0:37  Assimilator  
  15  0:41  Probe (Chrono Boost)  
  16  0:48  Gateway  
  17  0:51  Probe (Chrono Boost)  
  17  0:56  Probe (Chrono Boost)  
  18  1:08  Probe (Chrono Boost)  
  19  1:15  Probe (Chrono Boost)  
  20  1:22  Probe  
  21  1:27  Nexus  
  21  1:37  Cybernetics Core  
  21  1:42  Assimilator  
  21  1:45  Probe  
  22  1:51  Pylon  
  22  1:57  Probe  
  23  2:09  Probe  
  23  2:10  Adept (Chrono Boost)  
  23  2:15  Stargate  
  26  2:19  Warp Gate  
  26  2:21  Probe  
  27  2:32  Adept (Chrono Boost)  
  27  2:33  Probe  
  30  2:39  Probe  
  31  2:45  Probe  
  32  2:51  Probe  
  32  2:53  Adept (Chrono Boost)  
  32  2:57  Probe  
  36  3:00  Oracle (Chrono Boost)  
  36  3:03  Probe  
  40  3:07  Pylon  
  40  3:10  Probe  
  41  3:15  Probe  
  42  3:22  Adept, Probe  
  42  3:24  Gateway  
  45  3:27  Probe  
  45  3:32  Oracle (Chrono Boost)  
  45  3:34  Probe  
  47  3:38  Pylon  
  47  3:39  Probe  
  51  3:46  Probe  
  52  3:52  Probe  
  53  3:58  Probe  
  53  4:01  Nexus  
  54  4:04  Probe  
  54  4:05  Oracle  
  58  4:10  Probe, Pylon  
  58  4:14  Assimilator  
  59  4:17  Assimilator  
  59  4:18  Probe  
  60  4:24  Probe  
  60  4:31  Stalker  
  63  4:32  Probe (Chrono Boost)  
  63  4:34  Adept  
  67  4:39  Probe (Chrono Boost)  
  67  4:40  Pylon  
  67  4:42  Robotics Facility  
  67  4:45  Probe (Chrono Boost)  
  68  4:50  Forge  
  70  4:53  Gateway, Probe x2 (Chrono Boost)  
  70  4:59  Probe  
  70  5:00  Probe  
  72  5:09  Sentry x2  
  72  5:11  Probe (Chrono Boost)  
  72  5:13  Probe (Chrono Boost)  
  79  5:16  Shield Battery  
  79  5:18  Probe (Chrono Boost)  
  79  5:20  Pylon  
  80  5:22  Probe x2 (Chrono Boost)  
  80  5:24  Protoss Ground Weapons Level 1 (Chrono Boost)  
  80  5:26  Probe x2 (Chrono Boost)  
  80  5:27  Probe (Chrono Boost)  
  83  5:29  Immortal (Chrono Boost)  
  83  5:35  Robotics Bay, Phoenix x2  
  88  5:37  Probe x2  
  88  5:39  Probe  
  91  5:49  Assimilator, Probe x2  
  93  5:50  Twilight Council  
  93  5:51  Assimilator  
  93  5:54  Sentry  
  93  5:55  Probe  
  96  5:58  Pylon  
  96  6:01  Observer (Chrono Boost), Probe  
  98  6:04  Stalker  
  98  6:09  Probe  
  101  6:13  Photon Cannon  
  101  6:14  Pylon  
  101  6:15  Pylon  
  101  6:22  Gateway  
  101  6:23  Stalker x2, Gateway  
  105  6:26  Gateway, Disruptor (Chrono Boost)  
  105  6:30  Charge  
  108  6:37  Probe  
  108  6:38  Gateway  
  109  6:41  Stalker  
  109  6:43  Phoenix  
  111  6:50  Nexus, Pylon  
  111  6:52  Probe x2  
  113  6:55  Phoenix  
  113  6:56  Disruptor (Chrono Boost)  
  113  6:58  Pylon  
  118  7:02  Dark Shrine  
  118  7:03  Probe  
  118  7:04  Probe  
  120  7:11  Probe  
  121  7:15  Photon Cannon  
  121  7:17  Photon Cannon x2  
  121  7:19  Shield Battery  
  121  7:21  Photon Cannon  
  121  7:23  Phoenix (Chrono Boost)  
  123  7:30  Protoss Ground Weapons Level 2 (Chrono Boost)  
  123  7:31  Photon Cannon  
  123  7:33  Probe x3  
  126  7:39  Shield Battery  
  126  7:41  Disruptor  
  129  7:45  Probe  
  129  7:46  Probe  
  129  7:47  Photon Cannon  
  129  7:48  Probe  
  129  7:50  Assimilator, Phoenix (Chrono Boost)  
  132  7:54  Assimilator  
  132  7:55  Photon Cannon, Phoenix (Chrono Boost)  
  134  8:03  Photon Cannon  
  134  8:05  Shield Battery  
  134  8:07  Phoenix (Chrono Boost)  
  136  8:15  Pylon  
  136  8:18  Stalker x3  
  140  8:24  Probe x3  
  143  8:28  Phoenix (Chrono Boost)  
  145  8:39  Dark Templar x4  
  151  8:45  Archon x2  
  151  8:46  Gateway  
  151  8:48  Gateway, Dark Templar x2  
  151  8:50  Gateway  
  151  8:55  Archon  
  155  8:58  Gateway, Pylon  
  155  9:05  Pylon  
  155  9:06  Dark Templar  
  155  9:07  Pylon  
  155  9:08  Pylon  
  157  9:12  Dark Templar x3  
  163  9:17  Oracle (Chrono Boost)  
  163  9:18  Archon  
  163  9:19  Archon  
  163  9:23  Stalker x3  
  166  9:41  Stalker x2  
  166  9:44  Warp Prism (Chrono Boost)  
  166  9:47  Phoenix  
  166  9:49  Zealot x4  
  175  9:57  Dark Templar x3  
  175  9:58  Dark Templar  
  180  10:03  Archon  
  178  10:11  Disruptor  
  178  10:12  Phoenix (Chrono Boost)  
  174  10:15  Zealot x6  
  146  10:32  Zealot x4  
  146  10:33  Probe x3  
  146  10:34  Phoenix (Chrono Boost)  
  117  10:45  Zealot x4  

Tags
 
Add a new tag
Caveats
  • Supply blocks, unpowered buildings, or Contaminate may cause inaccurate times.
  • Supply counts are checked every 10 seconds.